 Dungeon Crawl Stone Soup version 0.20-a0-507-gc86f373 (webtiles) character file.

1997 nono the Nimble (level 9, -4/54 HPs)
             Began as a Halfling Assassin on Jan 21, 2017.
             Was an Initiate of Qazlal.
             Slain by a hog (6 damage)
             ... on level 7 of the Dungeon.
             The game lasted 00:32:46 (9420 turns).

nono the Nimble (Halfling Assassin)                 Turns: 9420, Time: 00:32:47

Health: -4/54      AC: 18    Str: 15    XL:     9   Next: 45%
Magic:  9/9        EV: 17    Int:  9    God:    Qazlal [......]
Gold:   284        SH:  0    Dex: 21    Spells: 8/8 levels left

rFire    . . .     SeeInvis .   a - +2 dagger
rCold    . . .     Gourm    .   A - +0 plate armour
rNeg     . . .     Faith    .   (shield restricted)
rPois    .         Spirit   .   z - +0 helmet
rElec    .         Reflect  .   d - +0 cloak
rCorr    +         Harm     .   (no gloves)
MR       .....                  C - +0 pair of boots
Stlth    ..........             (no amulet)
Regen    0.2/turn               p - ring of resist corrosion
                                (no ring)

@: agile
A: mutation resistance 1
a: Renounce Religion


You were on level 7 of the Dungeon.
You worshipped Qazlal.
Qazlal was noncommittal.
You were hungry.

You visited 2 branches of the dungeon, and saw 8 of its levels.
You also visited: Sewer and Ossuary.

You collected 284 gold pieces.

Inventory:

Hand Weapons
 a - a +2 dagger (weapon)
 b - a +0 blowgun
 w - a cursed -1 falchion
 x - a +0 hunting sling
Missiles
 e - 26 poisoned needles
 y - 228 stones (quivered)
Armour
 c - a +0 robe
 d - a +0 cloak (worn)
 h - a +0 leather armour
 u - a +0 ring mail
 v - a +0 chain mail
 z - a +0 helmet (worn)
 A - a +0 plate armour (worn)
 C - a +0 pair of boots (worn)
 E - a +0 pair of boots
Jewellery
 p - a ring of resist corrosion (right hand)
 q - an uncursed ring of wizardry
 F - an uncursed amulet of harm
Scrolls
 i - 2 scrolls of fog {unknown}
 k - 2 scrolls of teleportation {unknown}
 l - 2 scrolls of remove curse
 m - 4 scrolls of blinking
 n - 3 scrolls of identify {unknown}
 r - 2 scrolls of recharging {unknown}
 B - a scroll of immolation {unknown}
 H - a scroll of enchant weapon {unknown}
Potions
 j - 2 potions of magic
Comestibles
 g - 4 bread rations
 t - 5 meat rations


   Skills:
 - Level 1.7 Fighting
 - Level 2.4(2.9) Short Blades
 + Level 2.0(2.4) Long Blades
 - Level 2.0 Throwing
 - Level 8.5 Armour
 - Level 9.3 Dodging
 - Level 4.3 Stealth


You had 8 spell levels left.
You didn't know any spells.

Dungeon Overview and Level Annotations

Branches:
Dungeon (7/15)             Temple (1/1) D:7

Altars:
Ashenzari
Cheibriados
Dithmenos
Elyvilon
Fedhas
Gozag
Hepliaklqana
Kikubaaqudgha
Makhleb
Nemelex Xobeh
Okawaru
Qazlal
Ru
Sif Muna
Trog
Uskayaw
Vehumet
Xom
Yredelemnul
Zin
The Shining One

Annotations:
D:5 Menkaure


Innate Abilities, Weirdness & Mutations

You are small and have problems with some larger weapons.
You are somewhat resistant to further mutation.


Message History

The hog is heavily wounded.
The hog bites you but does no damage.
You hit the hog but do no damage.
The hog is heavily wounded.
The hog bites you!
You hit the hog but do no damage.
The hog is heavily wounded.
The hog closely misses you. The hog bites you! The hog bites you!
* * * LOW HITPOINT WARNING * * *
The hog bites you!
* * * LOW HITPOINT WARNING * * *
You feel agile all of a sudden. The hog bites you.
* * * LOW HITPOINT WARNING * * *
The yak gores you but does no damage. The hog closely misses you.
The yak gores you.
* * * LOW HITPOINT WARNING * * *
The hog bites you.
You die...

###### #%%#..#
#%.#..#
#..'..#
..#######..#..
........#..#
#.#'## #@...#
###h..##
#hh.Y.#
#.###<# #.#
#.# #.###.#
#...h.#
####.## #.#


You could see a yak and 2 hogs.

Vanquished Creatures
  A human (D:7)
  Edmund (D:5)
  An ice beast (D:6)
  A necrophage (D:6)
  2 ogres (D:5)
  2 centaurs (D:5)
  4 bullfrogs
  A scorpion (D:4)
  3 howler monkeys (D:7)
  A crimson imp (D:6)
  2 hounds
  3 orc wizards
  3 orc priests
  A human zombie (Ossuary)
  A bullfrog skeleton (D:7)
  2 iguanas
  6 worker ants
  Robin (D:2)
  10 adders
  2 river rats (D:3)
  A scorpion zombie (Ossuary)
  8 oozes
  An adder zombie (D:5)
  An adder skeleton (D:4)
  2 worms
  17 leopard geckos
  17 orcs
  16 ball pythons
  15 giant cockroaches
  13 hobgoblins
  15 jackals
  5 kobolds
  3 quokkas
  10 bats
  12 frilled lizards
  14 goblins
  A leopard gecko zombie (D:5)
  11 rats
210 creatures vanquished.

Vanquished Creatures (others)
  A kobold (D:3)
1 creature vanquished.

Grand Total: 211 creatures vanquished

Notes
Turn   | Place    | Note
-------+----------+-------------------------------------------
     0 | D:1      | nono the Halfling Assassin began the quest for the Orb.
     0 | D:1      | Reached XP level 1. HP: 14/14 MP: 1/1
    55 | D:1      | Reached skill level 2 in Dodging
    55 | D:1      | Reached XP level 2. HP: 12/19 MP: 2/2
   428 | D:1      | Reached XP level 3. HP: 23/24 MP: 3/3
   581 | D:1      | Reached skill level 1 in Armour
   809 | D:2      | Reached skill level 3 in Dodging
   974 | D:2      | Reached XP level 4. HP: 29/29 MP: 4/4
  1173 | D:2      | Noticed Robin
  1202 | D:2      | Killed Robin
  1227 | D:2      | Reached skill level 4 in Dodging
  1227 | D:2      | Reached XP level 5. HP: 14/34 MP: 5/5
  1722 | D:3      | Found a glowing drain.
  2142 | Sewer    | Entered a sewer
  2424 | Sewer    | Reached XP level 6. HP: 35/39 MP: 6/6
  2519 | Sewer    | Reached skill level 5 in Dodging
  2869 | Sewer    | Reached XP level 7. HP: 26/44 MP: 7/7
  3490 | D:3      | Reached skill level 6 in Dodging
  3814 | D:4      | Found a sand-covered staircase.
  3864 | Ossuary  | Entered an ossuary
  4151 | D:4      | HP: 2/44 [poisoned by a scorpion]
  4157 | D:4      | HP: 2/44 [poisoned by a scorpion]
  4163 | D:4      | HP: 1/44 [poisoned by a scorpion]
  4550 | D:4      | Reached skill level 5 in Armour
  4982 | D:5      | Entered Level 5 of the Dungeon
  5029 | D:5      | Noticed Menkaure
  5508 | D:4      | Reached XP level 8. HP: 49/49 MP: 8/8
  5625 | D:4      | Reached skill level 7 in Dodging
  6996 | D:5      | Noticed Edmund
  7005 | D:5      | Reached skill level 8 in Dodging
  7042 | D:5      | HP: 1/49 [Menkaure/nerve-wracking pain (9)]
  7285 | D:5      | Killed Edmund
  7901 | D:6      | Reached XP level 9. HP: 53/54 MP: 9/9
  8488 | D:7      | Reached skill level 9 in Dodging
  8491 | D:7      | Noticed a hippogriff
  9217 | D:7      | Found a staircase to the Ecumenical Temple.
  9227 | Temple   | Entered the Ecumenical Temple
  9270 | Temple   | Became a worshipper of Qazlal Stormbringer
  9419 | D:7      | HP: 2/54 [yak (2)]
  9420 | D:7      | Slain by a hog

Vault maps used:
D:1:      eino_arrival_cavern_b, corexii_corridor_pit, minmay_octomino_e4
D:2:      uniq_robin
D:3:      portal_sewer_entry_b
D:4:      nicolae_ossuary_entry_monument, first_bread, nrook_mini_vaults
D:5:      uniq_edmund, uniq_menkaure
D:7:      cheibrodos_quashed, grunt_livestock
Temple:   kilobyte_greek_temple
Sewer:    sewer_frog_island_02
Ossuary:  ossuary_minmay_scorpions

Skill      XL: |  1  2  3  4  5  6  7  8  9 |
---------------+----------------------------+-----
Dodging        | 2 3 4 5 6 8 9 |  9.3
Armour         | 1 2 3 4 5 7 8 |  8.5
Long Blades    | 2 |  2.0
Fighting       | |  1.7
Short Blades   | |  2.4
Throwing       | |  2.0
Stealth        | |  4.3

Action                   |  1- 3 |  4- 6 |  7- 9 || total
-------------------------+-------+-------+-------++-------
Melee: Dagger            |   128 |   402 |  1097 ||  1627
 Fire: Blowgun           |       |       |    40 ||    40
Throw: Stone             |       |     1 |     3 ||     4
  Use: Potion            |       |     1 |    12 ||    13
       Scroll            |       |       |     6 ||     6
 Stab: Sleeping          |     3 |     2 |     5 ||    10
  Eat: Chunk             |       |     7 |    18 ||    25
       Meat ration       |       |       |     1 ||     1
       Royal jelly       |       |       |     1 ||     1
Armor: Robe              |     4 |       |       ||     4
       Leather armour    |    16 |       |       ||    16
       Ring mail         |     2 |   134 |   121 ||   257
       Plate armour      |       |       |   276 ||   276
       Chain mail        |       |       |    38 ||    38
Dodge: Dodged            |    66 |   388 |   610 ||  1064
